cohdb
Replays
Latest Replays
All Replays
Popular Replays
Top Player Replays
Match Explorer
How It Works
Community
CoH3 Stats
Reddit
Sign in to upload your games and track your stats! →
Sign in with Steam
Match 43142088
Unlisted
Match 43142088
Overview
Messages
Build Orders
End
Kettenkrad Recon Vehicle
Construct Infanterie Kompanie
Selects Breakthrough Battlegroup
MG 42 Machine Gun Team
Grenadier Squad
Grenadier Squad
Grenadier Squad
Construct Panzergrenadier Kompanie
Pak 40 Anti-tank Gun Team
Selects Assault Grenadiers
Medical Bunker
Panzergrenadier Squad
Construct Panzer Kompanie
Pak 40 Anti-tank Gun Team
Stoßtruppen Squad
Panzer IV Medium Tank
Selects Breakthrough
Selects Incendiary Bombing Run
Incendiary Bombing Run
Panzer IV Medium Tank
Side Skirts
Repair Bunker
Pioneer Squad
Selects Rapid Production
Selects Blitzkrieg
MG 42 Machine Gun Team
Pioneer Squad
Kettenkrad Recon Vehicle
Incendiary Bombing Run
Repair Bunker
Selects Tiger Heavy Tank
Selects Tiger Heavy Tank
Pioneer Squad
Incendiary Bombing Run
Tiger Heavy Tank
Breakthrough
Grenadier Squad
Panzer Officer Quarters
MG 42 Bunker
Panzer IV Medium Tank
Infanterie Officer Quarters
Incendiary Bombing Run
Grenadier Squad
Panzer IV Medium Tank
AAA karasino
caulk
RunningWithFate
Onoyk
0
0
Comments
sign in to comment!
No comments posted yet!